 Dungeon Crawl Stone Soup version 0.22-a0-613-g65b8144 (webtiles) character file.

83 Kaitocain the Skirmisher (level 4, 0/40 HPs)
             Began as a Draconian Berserker on July 9, 2018.
             Was a Believer of Trog.
             Killed from afar by an orc wizard (4 damage)
             ... with a magic dart
             ... on level 4 of the Dungeon.
             The game lasted 00:12:46 (1436 turns).

Kaitocain the Skirmisher (Draconian Berserker)      Turns: 1436, Time: 00:12:46

Health: 0/40       AC:  7    Str: 21    XL:     4   Next: 22%
Magic:  4/4        EV: 13    Int:  7    God:    Trog [**....]
Gold:   152        SH:  0    Dex: 10    Spells: 3/3 levels left

rFire    . . .     SeeInvis .   a - +0 mace
rCold    . . .     Gourm    .   (no shield)
rNeg     . . .     Faith    .   (armour unavailable)
rPois    .         Spirit   .   h - +2 hat
rElec    .         Reflect  .   (no cloak)
rCorr    .         Harm     .   (no gloves)
MR       .....                  (no boots)
Stlth    +.........             (no amulet)
HPRegen  0.13/turn              (no ring)
MPRegen  0.09/turn              (no ring)

@: no status effects
A: unfitting armour, cold-blooded, AC +5
a: Berserk, Trog's Hand, Renounce Religion


You were on level 4 of the Dungeon.
You worshipped Trog.
Trog was pleased with you.
You were not hungry.

You visited 1 branch of the dungeon, and saw 4 of its levels.

You collected 152 gold pieces.

Inventory:

Hand Weapons
 a - a +0 mace (weapon)
 d - a +0 mace
 e - a +0 club
 l - a +0 dagger
 o - a +0 short sword
 s - a +0 hunting sling
 u - a +0 mace
Missiles
 c - 24 bolts (quivered)
 g - 5 sling bullets
 i - 119 stones
 m - 19 poisoned needles
Armour
 h - a +2 hat (worn)
 j - a +0 leather armour
 n - a +0 robe
 p - a +0 helmet
 q - a +0 leather armour
 t - a +0 scale mail
Scrolls
 f - 3 scrolls of identify
 k - a scroll of remove curse
 r - a scroll of teleportation {unknown}
Comestibles
 b - 4 rations


   Skills:
 + Level 4.0 Fighting
 + Level 3.9 Maces & Flails
 + Level 3.4 Dodging
 + Level 0.4 Stealth


You had 3 spell levels left.
You didn't know any spells.
Your spell library contained the following spells:

 Spells                   Type           Power        Failure   Level  Hunger
 Apportation              Tloc           #.....       43%         1    ##.....
 Summon Small Mammal      Summ           #...         43%         1    ##.....
 Animate Skeleton         Necr           N/A          43%         1    ##.....
 Confusing Touch          Hex            #.....       43%         1    ##.....


Dungeon Overview and Level Annotations

Branches:
Dungeon (4/15)
 Temple: D:4-7

Altars:


Innate Abilities, Weirdness & Mutations

Your plain brown scales are hard. (AC +5)
You cannot fit into any form of body armour.
You are cold-blooded and may be slowed by cold attacks.


Message History

The orc misses you.
You closely miss the orc wizard.
The orc wizard is lightly wounded.
The orc wizard closely misses you.
The orc wizard mumbles some strange words.
The orc wizard blinks!
The orc hits you with a flail.
You hit the orc.
You kill the orc!
Trog accepts your kill.
The orc wizard gestures at you while chanting.
The magic dart hits you!
* * * LOW HITPOINT WARNING * * *
The orc wizard hits you with a dagger.
* * * LOW HITPOINT WARNING * * *
The orc wizard hits you but does no damage.
Things that are here:
a flail; a leather armour The orc wizard points at you and mumbles some strange words.
The magic dart hits you!
You die...

#. .. ###. ?# ...
.. #..#. # #....
.# . # #...###.#
..
..#.#..)..#.##...
.......o@.....>.
....(..))...##..
###......<###
##...#### .......
#####.. ... #...
#...


You could see an orc wizard.

Vanquished Creatures
  An orc priest (D:4)
  A worm (D:3)
  3 dart slugs
  3 leopard geckos
  4 orcs
  3 giant cockroaches
  5 goblins
  2 hobgoblins
  2 jackals (D:1)
  4 kobolds
  A quokka (D:2)
  2 ball pythons (D:1)
  2 bats
  A frilled lizard (D:3)
  4 rats
38 creatures vanquished.

Notes
Turn   | Place    | Note
-------+----------+-------------------------------------------
     0 | D:1      | Kaitocain the Draconian Berserker began the quest for the Orb.
     0 | D:1      | Reached XP level 1. HP: 19/19 MP: 1/1
   170 | D:1      | Reached XP level 2. HP: 18/26 MP: 2/2
   769 | D:2      | Reached XP level 3. HP: 32/33 MP: 3/3
  1011 | D:3      | Reached ** piety under Trog
  1420 | D:4      | Reached skill level 4 in Fighting
  1420 | D:4      | Reached XP level 4. HP: 26/40 MP: 4/4
  1436 | D:4      | Killed from afar by an orc wizard

Vault maps used:
D:1:      lightli_arrival_lavapool
D:2:      nicolae_ru_sacrificial_ziggurat, first_ration
D:3:      minmay_stone_trees_small
D:4:      minmay_temple_entry_statues_pillars, minmay_misc_feat_more_columns,
          fedhas_altar_fruit_tree

Skill      XL: |  1  2  3 |
---------------+----------+-----
Dodging        | 3 |  3.4
Fighting       | 4 |  4.0
Maces & Flails | |  3.9
Stealth        | |  0.4

Action                   |  1- 3 |  4- 6 || total
-------------------------+-------+-------++-------
Melee: Mace              |   105 |    10 ||   115
       Tailslap          |    16 |     2 ||    18
  Use: Scroll            |     4 |       ||     4
       Potion            |     2 |       ||     2
 Stab: Sleeping          |     1 |       ||     1
  Eat: Ration            |     1 |       ||     1
Armor: Skin              |    54 |     3 ||    57
Dodge: Dodged            |   112 |    27 ||   139

Table legend:
 A = Spawn XP
 B = Non-spawn XP
 C = Spawn XP percentage of total XP
 D = Spawn monster count
 E = Non-spawn monster count
 F = Spawn count percentage of total count
 G = Total turns spent on level
                    A         B        C        D         E        F      G
               +---------+---------+-------+---------+---------+-------+---------
         Total |       0 |     119 |   0.0 |       0 |      38 |   0.0 |  1436
               +---------+---------+-------+---------+---------+-------+---------
           D:1 |       0 |      29 |   0.0 |       0 |      14 |   0.0 |   727
           D:2 |       0 |      21 |   0.0 |       0 |      12 |   0.0 |   270
           D:3 |       0 |      19 |   0.0 |       0 |       8 |   0.0 |   415
           D:4 |       0 |      50 |   0.0 |       0 |       4 |   0.0 |    24
               +---------+---------+-------+---------+---------+-------+---------
